 Dungeon Crawl Stone Soup version 0.32-a0-473-gd044c6f0f0 (webtiles) character file.

Game seed: 18239435951300879168

207158 Pooter the Executioner (level 18, -5/171 HPs)
             Began as a Minotaur Berserker on Feb 24, 2024.
             Was a High Priest of Trog.
             Slain by a merfolk
             ... wielding a +0 trident
             ... led by Ilsuiw
              (11 damage)
             ... on level 2 of the Shoals on Feb 25, 2024.
             The game lasted 03:48:37 (39350 turns).

Pooter the Executioner (Minotaur Berserker)        Turns: 39350, Time: 03:48:38

Health: -5/171     AC: 43    Str: 41    XL:     18   Next: 46%
Magic:  17/17      EV:  9    Int:  9    God:    Trog [*****.]
Gold:   314        SH:  5    Dex: 14    Spells: 17/17 levels left

rFire   + . .        j - +8 frozen axe "Frostbite" {freeze, freezing cloud, *Noise Fly rC+}
rCold   + + .        (shield currently unavailable)
rNeg    . . .        L - +9 crystal plate armour {rC+}
rPois   .            z - +2 hat
rElec   .            x - +2 cloak of Fortitude {Rampage}
rCorr   .            r - +0 pair of gloves of Terom {Str+5 Dex+3}
SInv    .            H - +3 pair of seven-league boots {Rampage+∞}
Will    +....        s - amulet of Harmony {Reflect rF+ Int+4 SH+5} Stlth
                     u - ring of flight
HPRegen 0.48/turn    Y - +6 ring of strength
MPRegen 0.15/turn

%: reflection, rampage+∞
@: flying, mesmerised, studying Axes
A: horns 2, retaliatory headbutt, iridescent scales 1, strong 1
a: Renounce Religion, Berserk, Trog's Hand, Brothers in Arms


You were on level 2 of the Shoals.
You worshipped Trog.
Trog was extremely pleased with you.
You visited 5 branches of the dungeon, and saw 27 of its levels.
You also visited: Gauntlet and Ice Cave.

You collected 3305 gold pieces.
You spent 2991 gold pieces at shops.

Inventory:

Hand Weapons
 a - the +10 dark maul {heavy}
   (You took it off a deep elf zephyrmancer on level 3 of the Elven Halls)
 b - a +7 hand cannon of draining
   (You bought it in a shop on level 4 of the Dungeon)
 c - the +7 battleaxe of the Mosquito {antimagic, rElec rPois rN+ Dex+3}
   (You found it in a Gauntlet)

   Dex+3:     It affects your dexterity (+3).
   rElec:     It insulates you from electricity.
   rPois:     It protects you from poison rN+: It protects you from negative
   energy.
 i - a +2 eveningstar of draining
   (You took it off Louise on level 1 of the Shoals)
 j - the +8 frozen axe "Frostbite" (weapon) {freeze, freezing cloud, *Noise Fly rC+}
   (You found it in an ice cave)

   rC+:       It protects you from cold.
   Fly:       It grants you flight.
   *Noise:    It may make a loud noise when swung.
Missiles
 o - 28 boomerangs (quivered)
 q - 12 atropa-tipped darts
 A - 13 javelins
 E - a curare-tipped dart
 R - 4 darts of dispersal {!f}
 U - 5 silver javelins
Armour
 r - the +0 pair of gloves of Terom (worn) {Str+5 Dex+3}
   (You acquired it on level 4 of the Dungeon)

   Str+5:     It affects your strength (+5).
   Dex+3:     It affects your dexterity (+3).
 x - the +2 cloak of Fortitude (worn) {Rampage}
   (You found it in a Gauntlet)

   Rampage:   It bestows one free step when moving towards enemies.
 z - a +2 hat (worn)
   (You bought it in a shop on level 7 of the Dungeon)
 H - the +3 pair of seven-league boots (worn) {Rampage+∞}
   (You acquired it on level 1 of the Orcish Mines)

   Rampage+∞: When moving toward enemies, its wearer moves as far as possible,
   alerting their target en route.
 L - a +9 crystal plate armour of cold resistance (worn)
   (You found it in an ice cave)
Jewellery
 s - the amulet of Harmony (around neck) {Reflect rF+ Int+4 SH+5}
   (You acquired it on level 6 of the Dungeon)

   [amulet of reflection]

   Reflect:   It reflects blocked missile attacks.
   Int+4:     It affects your intelligence (+4).
   rF+:       It protects you from fire.
   SH+5:      It affects your SH (+5).
 u - a ring of flight (left hand)
   (You took it off a goblin on level 1 of the Dungeon)
 C - a ring of resist corrosion
   (You found it on level 1 of the Shoals)
 F - a ring of protection from fire
   (You found it on level 12 of the Dungeon)
 I - a ring of protection from cold
   (You found it on level 10 of the Dungeon)
 N - a ring of positive energy
   (You found it on level 13 of the Dungeon)
 Y - a +6 ring of strength (right hand)
   (You found it in a Gauntlet)
 Z - a +6 ring of dexterity
   (You found it in an ice cave)
Wands
 d - a wand of iceblast (22)
   (You found it on level 7 of the Dungeon)
 f - a wand of flame (18)
   (You found it on level 5 of the Lair of Beasts)
 n - a wand of mindburst (15)
   (You bought it in a shop on level 1 of the Orcish Mines)
 B - a wand of light (12)
   (You found it on level 3 of the Elven Halls)
 D - a wand of digging (15)
   (You found it on level 6 of the Dungeon)
 J - a wand of charming (15)
   (You took it off Maurice on level 8 of the Dungeon)
 V - a wand of polymorph (9)
   (You found it on level 8 of the Dungeon)
Scrolls
 g - 3 scrolls of noise {!r}
 h - 4 scrolls of revelation
 t - 17 scrolls of teleportation {@r4}
 P - 2 scrolls of silence
 Q - 3 scrolls of poison {!r}
 S - 5 scrolls of fear
 X - 4 scrolls of blinking
Potions
 e - 3 potions of cancellation
 k - 3 potions of mutation {!q}
 m - 5 potions of attraction {!q}
 p - 6 potions of curing {@q1}
 v - 6 potions of resistance
 y - 8 potions of enlightenment
 G - a potion of might
 K - 2 potions of invisibility
 M - 4 potions of lignification {!q}
 O - 8 potions of heal wounds {@q2}
 W - 2 potions of haste {@q3}
Miscellaneous
 l - a phial of floods
   (You found it in an ice cave)
 w - a lightning rod (1/4) {!a}
   (You found it in an ice cave)
 T - a condenser vane
   (You found it in a Gauntlet)


   Skills:
 - Level 17.9 Fighting
 * Level 23.9(24.5) Axes
 - Level 10.4(18.5) Maces & Flails
 - Level 18.0 Ranged Weapons
 + Level 5.8 Throwing
 + Level 11.4 Armour
 + Level 3.5 Dodging
 - Level 10.2 Evocations


You had 17 spell levels left.
You didn't know any spells.
Your spell library was empty.

Dungeon Overview and Level Annotations

Branches:
Dungeon (15/15) Zot: 24946  Temple (0/1) D:6            Lair (5/5) D:8 Zot: 22131
 Shoals (2/4) Lair:2 Zot: 9928   Snake (0/4) Lair:2        Slime (0/5) Lair:5
    Orc (2/2) D:12 Zot: 10014     Elf (3/3) Orc:2 Zot: 10829  Vaults (0/5) D:13
 Depths (0/4) D:15          IceCv (visited)         Gauntlet (visited)

Altars:
Cheibriados
Elyvilon
Gozag
Hepliaklqana
Makhleb
Okawaru
Ru
Trog
Wu Jian
Xom
Yredelemnul
Zin

Shops:
D:4 *   D:7 [   D:8 ?[   Orc:1 *?   Orc:2 [(?(   Elf:1 *   Elf:2 ?   Elf:3 :
Shoals:1 (

Annotations:
Shoals:2 1 runed translucent door, Ilsuiw
Elf:2 3 runed translucent doors
Elf:3 3 runed translucent doors, Asceticacid's ghost, adept VSFi


Innate Abilities, Weirdness & Mutations

You have a pair of horns on your head.
You reflexively headbutt those who attack you in melee.
You are partially covered in iridescent scales. (AC +2)
Your muscles are strong. (Str +4, Int/Dex -1)


Message History

The merfolk javelineer throws a javelin.
The javelin barely misses you.
The javelin pierces through the water elemental.
Ilsuiw hits you but does no damage. The water elemental barely misses you.
You furiously retaliate!
You headbutt the water elemental! The merfolk barely misses you.
The merfolk hits you from afar with a +0 trident.
* * * LOW HITPOINT WARNING * * *
You block the water elemental's attack.
Unknown command.
You feel rather light.
The +8 frozen axe "Frostbite" {freeze, freezing cloud, *Noise Fly rC+} glows with a cold blue light!
j - the +8 frozen axe "Frostbite" (weapon)
{freeze, freezing cloud, *Noise Fly rC+}
* * * LOW HITPOINT WARNING * * *
Your lungs strain for air!
The water elemental hits you.
* * * LOW HITPOINT WARNING * * *
The merfolk siren chants its luring song.
The merfolk javelineer throws a javelin.
The javelin pierces through you but does no damage.
The javelin pierces through the water elemental!
You slice the water elemental!! You freeze the water elemental.
You destroy the water elemental!
The water elemental disappears in a puff of smoke!
You slice the water elemental!! You freeze the water elemental.
You barely miss the water elemental.
* * * LOW HITPOINT WARNING * * *
Your lungs strain for air!
Ilsuiw casts a spell.
Ilsuiw sings a water chant to call the tide!
The merfolk hits you from afar with a +0 trident.
* * * LOW HITPOINT WARNING * * *
You block the merfolk's attack. The water elemental hits you. x2
You slice the water elemental like a ripe choko!!!
You freeze the water elemental!
You destroy the water elemental!
The water elemental disappears in a puff of smoke!
The water engulfing you falls away.
You gasp with relief as air once again reaches your lungs.
You carve the water elemental like a ham!!!
You freeze the water elemental.
You destroy the water elemental!
The water elemental disappears in a puff of smoke!
The merfolk siren chants its luring song.
The merfolk javelineer throws a javelin.
The javelin pierces through you.
* * * LOW HITPOINT WARNING * * *
You block Ilsuiw's attack.
The merfolk hits you from afar with a +0 trident!
You die...

, ..##....##...
$..~~~........##~..##...
.....~...~~~~...........
...~~~~..~~~~~.....##...
~...~~~.~~~~~.......##..
~~~.~~~~~~~~~~..........
~~~~~~m~~~~~~~~~~~......~
~~~~mm☼F§~~~~~~~~...†..~
~≈≈≈mm~@~~≈≈≈~~~~~~~~~~~
~≈≈≈≈m~~~~≈≈≈≈≈≈~~~~~~~≈
~≈≈≈≈≈≈≈≈≈≈≈≈≈≈≈≈≈≈≈≈≈≈≈
≈≈≈≈≈≈≈≈≈≈≈≈≈≈≈≈≈≈≈≈≈≈≈≈
≈≈≈≈≈≈≈≈≈≈≈≈≈≈≈≈≈≈≈≈≈≈≈≈
≈≈≈≈≈≈≈≈≈≈≈≈≈≈≈≈≈≈≈≈≈≈≈≈
≈≈≈≈≈≈≈≈≈≈≈≈≈≈≈≈≈≈≈≈≈≈≈≈
########################


You could see Ilsuiw (drained), a skyshark, a merfolk javelineer, 3 merfolk and
a merfolk siren (mesmerising).

Vanquished Creatures
  5 deep elf master archers (Elf:3)
  Frances (Shoals:1)
  Gastronok (Orc:1)
  A storm dragon (D:14)
  Roxanne (D:15)
  The ghost of DrFunkyFeet the Warrior, a journeyman OnGl of Yredelemnul (Orc:2)
  A frost giant (IceCv)
  4 deep elf sorcerers (Elf:3)
  Louise (Shoals:1)
  5 deep elf elementalists (Elf:3)
  A quicksilver ooze (Gauntlet)
  The ghost of TheBioAlchemist the Fencer, a journeyman CoGl of the Shining One (Orc:1)
  2 deep elf death magi (Elf:3)
  6 deep elf demonologists
  A minotaur (Gauntlet)
  7 deep elf annihilators
  2 fire dragons (D:15)
  An entropy weaver (shapeshifter) (D:13)
  2 merfolk impalers
  2 deep elf high priests (Elf:3)
  10 hydras
  2 ice dragons
  A merfolk avatar (Shoals:2)
  3 centaur warriors
  2 catoblepae
  9 two-headed ogres
  2 ogre magi (D:15)
  9 dancing weapons
  2 boulder beetles (D:14)
  A merfolk aquamancer (Shoals:1)
  A death knight (D:15)
  2 death scarabs (Gauntlet)
  3 orc high priests (Orc:2)
  5 death yaks (IceCv)
  9 deep elf knights
  6 skysharks
  A spectral death yak (Gauntlet)
  A glowing orange brain (D:14)
  8 slime creatures
  A sea snake (Shoals:1)
  The ghost of javelincjr the Fighter, a novice MDMo of Beogh (D:6)
  A lindwurm (Lair:5)
  16 deep elf archers
  Pikel (D:8)
  3 orc knights
  26 deep elf pyromancers
  A phantasmal warrior (D:13)
  3 wolf spiders
  16 ugly things
  21 deep elf zephyrmancers
  5 orc sorcerers
  Maurice (D:8)
  5 cyclopes
  2 oklob plants
  4 fauns (Shoals:2)
  A salamander (Lair:2)
  9 manticores
  6 elephants (Lair:3)
  A meliai (D:14)
  An ice statue (IceCv)
  A kobold blastminer (Orc:2)
  A merfolk siren (Shoals:1)
  2 gargoyles
  A guardian serpent (Lair:5)
  12 black mambas
  26 cane toads
  A cane toad (shapeshifter) (D:14)
  Jeremiah (D:7)
  4 rime drakes
  Maggie (D:8)
  5 yaktaurs (D:15)
  An efreet (D:15)
  2 unseen horrors
  3 kobold demonologists
  A freezing wraith (D:14)
  9 komodo dragons
  2 ice devils (Lair:2)
  2 unseen horror zombies (D:8)
  A queen bee (D:6)
  3 wind drakes (Shoals:1)
  9 polar bears
  6 merfolk
  10 trolls
  A tarantella (shapeshifter) (D:13)
  4 hornets
  4 snapping turtles
  21 blink frogs
  A blink frog (shapeshifter) (D:13)
  2 dream sheep
  2 raiju (shapeshifter)
  A jumping spider (shapeshifter) (Elf:3)
  A vampire (D:14)
  3 wraiths
  A spriggan (Lair:3)
  2 air elementals
  A spectral komodo dragon (Gauntlet)
  53 yaks
  2 shadows
  10 water elementals
  16 wyverns
  A human (shapeshifter) (D:9)
  6 basilisks
  2 fire elementals (Elf:1)
  2 neqoxecs (Orc:2)
  4 steam dragons
  5 vampire mosquitoes
  A spectral kobold (Orc:1)
  6 wargs
  2 nagas (Lair:2)
  2 acid dragons
  27 water moccasins
  A spectral torpor snail (Gauntlet)
  A meliai simulacrum (D:14)
  25 orc warriors
  A sky beast (D:8)
  A black bear (shapeshifter) (D:13)
  A black bear (D:5)
  5 centaurs
  7 ogres
  27 wolves
  2 lemures (D:8)
  3 kobold brigands
  13 bullfrogs
  4 gnoll sergeants
  An earth elemental (Elf:1)
  A wyvern zombie (D:8)
  7 scorpions
  7 wights
  19 killer bees
  7 howler monkeys
  2 electric eels (D:15)
  A hound (D:6)
  2 quasits (Orc:2)
  3 centaur zombies (D:8)
  3 jellies
  2 bombardier beetles
  20 orc priests
  A gnoll bouda (D:6)
  5 iguanas
  8 hell rats
  Natasha (twice) (D:2)
  Terence (D:2)
  A sleepcap (D:5)
  34 orc wizards
  3 spectral orcs (Orc:1)
  2 killer bee zombies (D:8)
  Robin (D:2)
  12 adders
  21 gnolls
  An ogre simulacrum (Orc:1)
  A shadow imp (D:5)
  2 white imps
  4 ufetubi
  An orc simulacrum (Orc:1)
  3 dart slugs
  4 ribbon worms
  65 orcs
  6 ball pythons
  7 bats
  4 endoplasms
  6 giant cockroaches
  16 goblins
  13 hobgoblins
  6 jackals
  24 kobolds
  2 quokkas (D:2)
  3 training dummies (Shoals:1)
  A frilled lizard (D:1)
  5 rats
966 creatures vanquished.

Vanquished Creatures (collateral kills)
  A wyvern (D:8)
  A water moccasin (D:8)
  A killer bee (D:6)
  An orc (D:8)
4 creatures vanquished.

Grand Total: 970 creatures vanquished

Notes
Turn   | Place    | Note
-------+----------+-------------------------------------------
     0 | D:1      | Pooter the Minotaur Berserker began the quest for the Orb.
     0 | D:1      | Reached XP level 1. HP: 19/19 MP: 0/0
    29 | D:1      | Reached skill level 4 in Axes
    30 | D:1      | Reached XP level 2. HP: 25/27 MP: 1/1
   176 | D:1      | Reached XP level 3. HP: 33/33 MP: 2/2
   217 | D:1      | Reached ** piety under Trog
   483 | D:2      | Noticed Terence
   492 | D:2      | Killed Terence
   493 | D:2      | Reached skill level 5 in Axes
   493 | D:2      | Reached XP level 4. HP: 41/41 MP: 3/3
   575 | D:2      | Noticed Robin
   792 | D:2      | Killed Robin
   995 | D:2      | Reached skill level 1 in Ranged Weapons
   995 | D:2      | Reached XP level 5. HP: 32/47 MP: 4/4
   996 | D:2      | Reached skill level 6 in Axes
  1065 | D:2      | Noticed Natasha
  1073 | D:2      | Killed Natasha
  1074 | D:2      | Reached skill level 5 in Fighting
  1297 | D:2      | Noticed Natasha
  1311 | D:2      | Killed Natasha
  1421 | D:3      | You fall into a shaft and drop 1 floor!
  1457 | D:4      | Reached *** piety under Trog
  1458 | D:4      | Reached XP level 6. HP: 56/56 MP: 5/5
  1626 | D:4      | Identified a scroll of acquirement
  1627 | D:4      | Acquired the +0 pair of gloves of Terom {Str+5 Dex+3}
  2320 | D:3      | Found a glowing silver altar of Zin.
  3162 | D:4      | Found a bloodstained altar of Trog.
  3246 | D:4      | Found Uwets's Lightly-Used Armoury.
  3250 | D:4      | Bought a -1 hand cannon for 1 gold piece
  3250 | D:4      | Bought a -2 demon whip for 50 gold pieces
  3380 | D:5      | Entered Level 5 of the Dungeon
  3489 | D:5      | Reached skill level 1 in Maces & Flails
  3604 | D:5      | Reached XP level 7. HP: 61/61 MP: 6/6
  3682 | D:5      | Found an opulent altar of Gozag.
  4097 | D:6      | Noticed a steam dragon
  4391 | D:6      | Found a staircase to the Ecumenical Temple.
  4394 | D:6      | Noticed a steam dragon
  4408 | D:6      | Killed a steam dragon
  4413 | D:6      | Killed a steam dragon
  4414 | D:6      | Reached skill level 7 in Axes
  4414 | D:6      | Reached skill level 5 in Ranged Weapons
  4427 | D:5      | Reached XP level 8. HP: 7/70 MP: 7/7
  4745 | D:6      | Reached skill level 5 in Maces & Flails
  4930 | D:6      | Noticed a troll
  5165 | D:6      | Killed a troll
  5208 | D:6      | Reached XP level 9. HP: 68/79 MP: 8/8
  5515 | D:6      | Reached skill level 8 in Axes
  5627 | D:6      | Acquired the amulet of Harmony {Reflect rF+ Int+4 SH+5}
  5640 | D:6      | Noticed a queen bee
  5642 | D:6      | Noticed javelincjr's ghost (novice MDMo)
  5670 | D:6      | Found a transporter.
  5672 | D:6      | Found a transporter.
  5819 | D:6      | Found an ornate altar of the Wu Jian Council.
  5895 | D:7      | Reached **** piety under Trog
  5997 | D:7      | Found a sacrificial altar of Ru.
  6082 | D:7      | Found a burning altar of Makhleb.
  6191 | D:7      | Found Icsao's Antique Armour Boutique.
  6199 | D:7      | Bought a runed hat for 196 gold pieces
  6216 | D:7      | Noticed Jeremiah
  6243 | D:7      | Killed Jeremiah
  6395 | D:7      | Found a white marble altar of Elyvilon.
  6980 | D:8      | Reached XP level 10. HP: 88/88 MP: 9/9
  6983 | D:8      | Reached skill level 9 in Axes
  7069 | D:8      | Found a staircase to the Lair.
  7552 | D:8      | Identified the +3 ring mail of the Pits of Slime {rC+
                  | Dex+3}
  7644 | D:8      | Noticed Maggie
  7650 | D:8      | Killed Maggie
  7766 | D:8      | Found Xesooxt's Magic Scroll Boutique.
  7791 | D:8      | Noticed Maurice
  7793 | D:8      | Maurice stole a +3 trident of draining
  7801 | D:8      | Killed Maurice
  7802 | D:8      | Reached skill level 10 in Maces & Flails
  7812 | D:8      | Found a basalt altar of Yredelemnul.
  7827 | D:8      | Reached skill level 10 in Ranged Weapons
  7902 | D:8      | Bought a scroll of identify for 32 gold pieces
  7902 | D:8      | Bought a scroll of identify for 32 gold pieces
  7902 | D:8      | Bought a scroll of identify for 32 gold pieces
  8064 | D:8      | Found Odoqexil's Armour Emporium.
  8089 | D:8      | Noticed Pikel
  8098 | D:8      | Killed Pikel
  8826 | D:9      | Reached skill level 10 in Axes
  8928 | D:9      | Reached XP level 11. HP: 97/97 MP: 10/10
  9658 | D:9      | Reached skill level 10 in Fighting
  9819 | D:9      | Found a shimmering altar of Xom.
  9983 | D:10     | Entered Level 10 of the Dungeon
 10019 | D:10     | Found a hazy altar of Hepliaklqana.
 10400 | D:10     | Noticed a white ugly thing
 10412 | D:9      | Killed a white ugly thing
 10730 | D:10     | Found a snail-covered altar of Cheibriados.
 10905 | D:8      | Bought a scroll of brand weapon for 152 gold pieces
 11067 | D:10     | Reached skill level 11 in Axes
 11740 | D:11     | Noticed a two-headed ogre
 11744 | D:11     | Killed a two-headed ogre
 12558 | Lair:1   | Entered Level 1 of the Lair of Beasts
 12573 | Lair:1   | Reached skill level 1 in Throwing
 12687 | Lair:1   | Reached XP level 12. HP: 107/110 MP: 11/11
 13393 | Lair:1   | Reached skill level 12 in Axes
 13847 | Lair:2   | Found a frozen archway.
 13942 | IceCv    | Entered an ice cave
 15042 | IceCv    | Noticed a death yak
 15042 | IceCv    | Noticed a death yak
 15058 | IceCv    | Killed a death yak
 15069 | IceCv    | Killed a death yak
 15184 | IceCv    | Noticed a death yak
 15184 | IceCv    | Noticed a frost giant
 15184 | IceCv    | Noticed a death yak
 15206 | IceCv    | Killed a death yak
 15209 | IceCv    | Killed a death yak
 15215 | IceCv    | Killed a frost giant
 15485 | IceCv    | Found the +8 frozen axe "Frostbite" {freeze, freezing
                  | cloud, *Noise Fly rC+}
 15575 | IceCv    | Reached XP level 13. HP: 99/119 MP: 12/12
 15732 | IceCv    | Reached skill level 15 in Ranged Weapons
 15732 | IceCv    | Reached skill level 5 in Throwing
 15850 | IceCv    | Reached skill level 13 in Axes
 16039 | Lair:2   | Found a staircase to the Snake Pit.
 16476 | Lair:2   | Reached skill level 1 in Evocations
 16669 | Lair:2   | Found a staircase to the Shoals.
 17295 | Lair:3   | Reached skill level 14 in Axes
 17712 | Lair:3   | Identified the +6 mace "Biew" {holy, *Noise Int-3 Dex+8}
 18944 | Lair:4   | Reached ***** piety under Trog
 19254 | Lair:4   | Reached XP level 14. HP: 118/130 MP: 13/13
 20218 | Lair:5   | Entered Level 5 of the Lair of Beasts
 20251 | Lair:5   | Found a gate leading to a gauntlet.
 20260 | Gauntlet | Entered a Gauntlet
 20260 | Gauntlet | Noticed a quicksilver ooze
 20260 | Gauntlet | Found a transporter.
 20260 | Gauntlet | Found a transporter.
 20260 | Gauntlet | Found a transporter.
 20306 | Gauntlet | Found a transporter.
 20308 | Gauntlet | Found a large runed translucent door.
 20309 | Gauntlet | Found a large runed translucent door.
 20310 | Gauntlet | Found a large runed translucent door.
 20310 | Gauntlet | Found a large runed translucent door.
 20310 | Gauntlet | Found a runed translucent door.
 20310 | Gauntlet | Found a runed translucent door.
 20311 | Gauntlet | Found a large runed translucent door.
 20311 | Gauntlet | Found a large runed translucent door.
 20311 | Gauntlet | Found a large runed translucent door.
 20311 | Gauntlet | Found a large runed translucent door.
 20312 | Gauntlet | Found a large runed translucent door.
 20313 | Gauntlet | Found a large runed translucent door.
 20317 | Gauntlet | Found a transporter.
 20323 | Gauntlet | Found a transporter.
 20340 | Gauntlet | Found a transporter.
 20368 | Gauntlet | Found a transporter.
 20405 | Gauntlet | Killed a quicksilver ooze
 20552 | Gauntlet | Identified the +2 cloak of Fortitude {Rampage}
 20633 | Gauntlet | Found a large runed translucent door.
 20634 | Gauntlet | Found a large runed translucent door.
 20634 | Gauntlet | Found a transporter.
 20659 | Gauntlet | Found a transporter.
 20668 | Gauntlet | Identified the +4 ring mail of the Dice {Str+2}
 20677 | Gauntlet | Reached skill level 5 in Evocations
 20699 | Gauntlet | Identified the +7 battleaxe of the Mosquito {antimagic,
                  | rElec rPois rN+ Dex+3}
 21209 | Lair:5   | Received a gift from Trog
 21782 | Lair:5   | Reached skill level 15 in Fighting
 22461 | Lair:5   | Reached skill level 15 in Axes
 22461 | Lair:5   | Found a staircase to the Slime Pits.
 22892 | D:12     | Identified the +6 hand axe of Extermination {drain, Fly
                  | rN+}
 22925 | D:12     | Found a staircase to the Orcish Mines.
 23604 | Orc:1    | Entered Level 1 of the Orcish Mines
 23604 | Orc:1    | Noticed Gastronok
 23614 | Orc:1    | Killed Gastronok
 23615 | Orc:1    | Reached XP level 15. HP: 129/141 MP: 14/14
 23702 | Orc:1    | Found Bautewn's Assorted Antiques.
 23727 | Orc:1    | Bought a scroll of teleportation for 69 gold pieces
 23727 | Orc:1    | Bought 3 scrolls of identify for 138 gold pieces
 23727 | Orc:1    | Bought an orange potion for 20 gold pieces
 23727 | Orc:1    | Bought a scroll of teleportation for 69 gold pieces
 23727 | Orc:1    | Bought a tapered glass wand for 92 gold pieces
 23732 | Orc:1    | Reached skill level 17 in Axes
 23732 | Orc:1    | Reached skill level 5 in Armour
 23732 | Orc:1    | Reached XP level 16. HP: 149/149 MP: 15/15
 23795 | Orc:1    | Found a runed translucent gate.
 23795 | Orc:1    | Found a runed translucent gate.
 23796 | Orc:1    | Found a runed translucent gate.
 23802 | Orc:1    | Noticed TheBioAlchemist's ghost (journeyman CoGl)
 23818 | Orc:1    | Killed TheBioAlchemist's ghost
 24098 | Orc:1    | Found Ycvomem's Magic Scroll Shop.
 24106 | Orc:1    | Bought a scroll of enchant armour for 90 gold pieces
 24106 | Orc:1    | Bought a scroll of acquirement for 624 gold pieces
 24113 | Orc:1    | Acquired the +3 pair of seven-league boots {Rampage+∞}
 24113 | Orc:1    | Found the +3 pair of seven-league boots {Rampage+∞}
 24145 | Orc:2    | Entered Level 2 of the Orcish Mines
 24332 | Orc:2    | Reached skill level 18 in Axes
 24585 | Orc:2    | Found a staircase to the Elven Halls.
 24600 | Orc:2    | Found a transporter.
 24605 | Orc:2    | Noticed DrFunkyFeet's ghost (journeyman OnGl)
 24792 | Orc:2    | Found a transporter.
 24847 | Orc:2    | Found Jenkuef's Antique Weapon Shoppe.
 24847 | Orc:2    | Found Detoumoo's Weapon Emporium.
 24848 | Orc:2    | Found Kolinexo's Antique Armour Emporium.
 24852 | Orc:2    | Found Biumuel's Magic Scroll Shoppe.
 24856 | Orc:2    | Bought a scroll of enchant armour for 90 gold pieces
 24856 | Orc:2    | Bought a scroll of enchant weapon for 90 gold pieces
 25584 | D:13     | Received a gift from Trog
 25741 | D:13     | Found a gate to the Vaults.
 26585 | D:14     | Identified the +2 robe of Hair {rC+ Int+3 Dex+2}
 26665 | D:14     | Reached skill level 19 in Axes
 26847 | D:14     | Noticed a storm dragon
 26853 | D:14     | Killed a storm dragon
 27667 | D:15     | Entered Level 15 of the Dungeon
 27673 | D:15     | Paralysed by an orc sorcerer for 4 turns
 27685 | D:15     | Reached skill level 20 in Axes
 28046 | D:15     | Noticed Roxanne
 28060 | D:15     | Killed Roxanne
 28306 | D:15     | Reached XP level 17. HP: 133/155 MP: 16/16
 28330 | D:15     | Found a staircase to the Depths.
 29395 | D:6      | Killed javelincjr's ghost
 29693 | Orc:2    | Killed DrFunkyFeet's ghost
 29694 | Orc:2    | Reached skill level 21 in Axes
 29844 | Orc:2    | Identified the staff of Immorality {Fly rN+ Necro}
 29858 | Orc:2    | Gained mutation: Your muscles are strong. (Str +4, Int/Dex
                  | -1) [potion of mutation]
 29858 | Orc:2    | Gained mutation: You are partially covered in iridescent
                  | scales. (AC +2) [potion of mutation]
 29875 | Elf:1    | Entered Level 1 of the Elven Halls
 29889 | Elf:1    | Paralysed by an air elemental for 1 turns
 29964 | Elf:1    | Upgraded the game from 0.32-a0-468-g38b2580584 to
                  | 0.32-a0-473-gd044c6f0f0
 31170 | Elf:1    | Found Rarumed's General Store.
 31173 | Elf:1    | Bought a scroll of enchant weapon for 105 gold pieces
 31879 | Elf:2    | Received a gift from Trog
 32602 | Elf:2    | Found Buhorar's Magic Scroll Shop.
 32605 | Elf:2    | Bought a scroll of enchant armour for 127 gold pieces
 32605 | Elf:2    | Bought a scroll of enchant armour for 127 gold pieces
 32605 | Elf:2    | Bought a scroll of revelation for 127 gold pieces
 33164 | Elf:2    | Reached skill level 22 in Axes
 33361 | Elf:2    | Found a runed translucent gate.
 33361 | Elf:2    | Found a runed translucent gate.
 33361 | Elf:2    | Found a runed translucent gate.
 33425 | Elf:3    | Entered Level 3 of the Elven Halls
 33427 | Elf:3    | Paralysed by an air elemental for 1 turns
 33686 | Elf:3    | Found a runed translucent gate.
 33686 | Elf:3    | Found a runed translucent gate.
 33686 | Elf:3    | Noticed a deep elf master archer
 33687 | Elf:3    | Found a runed translucent gate.
 33687 | Elf:3    | Noticed Asceticacid's ghost (adept VSFi)
 33688 | Elf:3    | Found an iron altar of Okawaru.
 33746 | Elf:3    | Reached skill level 10 in Armour
 34022 | Elf:3    | Found Ruexewn's Book Emporium.
 34874 | Elf:3    | Noticed a deep elf master archer
 34882 | Elf:3    | Killed a deep elf master archer
 35407 | Elf:3    | Noticed a deep elf master archer
 35419 | Elf:3    | Killed a deep elf master archer
 35426 | Elf:3    | Noticed a Brimstone Fiend
 35458 | Elf:3    | Noticed a deep elf master archer
 35682 | Elf:3    | Killed a deep elf master archer
 35683 | Elf:3    | Reached skill level 10 in Evocations
 35694 | Elf:3    | Reached XP level 18. HP: 136/171 MP: 5/17
 35698 | Elf:3    | Received a gift from Trog
 36507 | Elf:3    | Identified the +0 quarterstaff "Ongualim" {drain, Will+
                  | Dex+4}
 36524 | Elf:3    | Reached skill level 23 in Axes
 36742 | Elf:3    | Identified the +5 arbalest "Qauwnisi" {freeze, Int+3 Dex+3}
 36749 | Elf:3    | Identified the staff of Vehumet's Grace {Will+ Conj}
 36796 | Elf:3    | Found the +1 Delatra's gloves {ID++}
 37145 | Elf:1    | Bought a scroll of acquirement for 728 gold pieces
 37145 | Elf:1    | Acquired a manual of Axes
 37381 | Shoals:1 | Entered Level 1 of the Shoals
 37385 | Shoals:1 | Noticed Louise
 37398 | Shoals:1 | Killed Louise
 37721 | Shoals:1 | Noticed Frances
 37732 | Shoals:1 | Killed Frances
 37770 | Shoals:1 | Found Vinku's Firing Range.
 39158 | Shoals:2 | Found a runed translucent door.
 39339 | Shoals:2 | Noticed Ilsuiw
 39350 | Shoals:2 | HP: 6/171 [merfolk javelineer/javelin[Ilsuiw] (6)]
 39350 | Shoals:2 | Slain by a merfolk

Illustrated notes

Levels and vault maps discovered:
D:1:      minmay_arrival_checkered_box, layout_rooms
D:2:      layout_rooms, minmay_puff, uniq_robin, uniq_terence, uniq_natasha
D:3:      layout_loops_ring, zin_scriptorium
D:4:      layout_loops_ring, trog_hazing_becter, minmay_shop_damaged
D:5:      layout_basic, mainiacjoe_overflow_six_doors_small
D:6:      cheibrodos_fzero, layout_gridville,
          nicolae_wu_jian_immortal_techniques, minmay_temple_entry_purple_smoke,
          gammafunk_ghost_hive
D:7:      layout_rooms, nicolae_ru_sacrificial_ziggurat, kennysheep_mini,
          mainiacjoe_overflow_concentric_impassable, serial_shops, shop_statue,
          uniq_jeremiah
D:8:      layout_loops_corners, nicolae_yredelemnul_corpse_copse,
          minmay_lair_entry_grove, serial_shops, shop, corexii_corridor_pit,
          kennysheep_diamond, uniq_maggie, uniq_pikel, uniq_maurice
D:9:      layout_loops_cross, mainiacjoe_overflow_alcove_4
D:10:     hangedman_cross_stitches, layout_rooms, lemuel_doored_altar,
          nicolae_hepliaklqana_hazy_memory
D:11:     layout_rooms, minmay_holes, minmay_strange_pillars
D:12:     layout_roguey, david_orc_3
D:13:     layout_roguey, david_vaults_4
D:14:     nicolae_hexawheel, layout_small_grid, chequers_mini_garden
D:15:     grunt_enter_depths_hoard, layout_basic, uniq_roxanne
Lair:1:   layout_regular_city, lemuel_fruit_fields, grunt_megastairs_4
Lair:2:   layout_cave_pods, minmay_shoals_entry_hut, alex1729_snake_entry_snake,
          portal_ice_cave_demonic_guard
Lair:3:   layout_small_grid, grunt_forest_large_clearing_hut,
          grunt_megastairs_1, serial_bayou_shore_b, serial_bayou_shore_b
Lair:4:   layout_small_grid, hangedman_lair_generics_rect
Lair:5:   hangedman_lair_tendril_chambers, layout_gridlike,
          hangedman_lair_in_review, minmay_slime_entry_oklob_enclosed,
          gauntlet_entry_generic, lookout_lair_type, fungi_pond_lemuel
Shoals:1: layout_shoals, nicolae_shop_firing_range, uniq_frances, uniq_louise
Shoals:2: nicolae_shoals_offshore_bank_account, layout_shoals, uniq_ilsuiw
Orc:1:    layout_caves, serial_shops, shop, nicolae_shop_waterfront,
          gammafunk_ghost_necromancy, uniq_gastronok
Orc:2:    st_orc_mages, layout_caves, gammafunk_ghost_stat_death
Elf:1:    minmay_elf_arrival_circle, layout_geoelf_grid, serial_shops, shop,
          minmay_elf_demonology
Elf:2:    elven_hall_of_blades_hangedman_original [mumra_blade_entry_dagger],
          layout_rooms, serial_shops, nicolae_shop_rolled_up
Elf:3:    minmay_elf_hall_quartered_circle, layout_geoelf_octagon,
          gammafunk_ghost_fury_of_okawaru, serial_shops, shop_fountains

Skill      XL: |  1  2  3  4  5  6  7  8  9 10 11 12 13 14 15 16 17 18 |
---------------+-------------------------------------------------------+-----
Axes           | 4 5 6 7 8 10 11 12 14 15 17 20 22 23 | 23.9
Fighting       | 4 5 6 7 8 9 11 12 13 15 16 17 | 17.9
Ranged Weapons | 1 2 3 5 7 8 10 13 14 15 17 18 | 18.0
Maces & Flails | 2 4 6 9 10 | 10.4
Throwing       | 1 4 5 |  5.8
Evocations     | 4 7 8 10 | 10.2
Armour         | 3 5 8 10 11 | 11.4
Dodging        | 3 |  3.5

Action                     |  1- 3 |  4- 6 |  7- 9 | 10-12 | 13-15 | 16-18 || total
---------------------------+-------+-------+-------+-------+-------+-------++-------
  Melee: Hand axe          |    52 |    81 |       |       |       |       ||   133
         Headbutt          |     8 |    19 |    37 |   111 |    64 |   121 ||   360
         Demon whip        |       |     8 |   185 |   504 |     9 |       ||   706
         Trident           |       |       |       |    13 |       |       ||    13
         Executioner's axe |       |       |       |     8 |   306 |   299 ||   613
         Battleaxe         |       |       |       |       |       |   216 ||   216
         Maul              |       |       |       |       |       |    72 ||    72
   Fire: Sling             |       |   105 |       |       |       |       ||   105
         Hand cannon       |       |    12 |    88 |   229 |   238 |   396 ||   963
  Throw: Dart              |       |     3 |       |       |       |       ||     3
         Boomerang         |       |       |       |     4 |       |     4 ||     8
 Invoke: Berserk           |     2 |     2 |     5 |    12 |     7 |     9 ||    37
         Trog's Hand       |       |     1 |     2 |    16 |    15 |    38 ||    72
         Brothers in Arms  |       |       |       |       |       |     1 ||     1
  Evoke: Wand              |       |       |     2 |     2 |       |     4 ||     8
         Condenser vane    |       |       |       |       |       |     2 ||     2
         Phial of floods   |       |       |       |       |       |     1 ||     1
         Lightning rod     |       |       |       |       |       |     3 ||     3
    Use: Scroll            |       |     7 |     9 |    13 |    13 |    17 ||    59
         Potion            |       |       |       |     1 |     1 |     7 ||     9
   Stab: Betrayed ally     |       |       |       |     1 |       |       ||     1
         Petrified         |       |       |       |       |     1 |       ||     1
 Armour: Animal skin       |    28 |    40 |       |       |       |       ||    68
         Scale mail        |       |    18 |       |       |       |       ||    18
         Chain mail        |       |    29 |   225 |    13 |       |       ||   267
         Ring mail         |       |       |       |   354 |       |       ||   354
         Crystal plate arm |       |       |       |    74 |   479 |   741 ||  1294
  Dodge: Dodged            |    35 |    72 |   122 |   224 |   115 |   186 ||   754
  Block: Other             |       |       |    13 |    88 |    81 |   120 ||   302
         Reflection        |       |       |       |    10 |     2 |    31 ||    43
         Buckler           |       |       |       |    23 |       |       ||    23

Table legend: (Time is in decaauts)
 A = Elapsed time spent in this place.
 B = Non-inter-level travel time spent in this place.
 C = Inter-level travel time spent in this place.
 D = Time resting spent in this place.
 E = Time spent auto-exploring this place.
 F = Levels seen in this place.
 G = Mean time per level.
                   A        B        C        D        E       F      G
               +--------+--------+--------+--------+--------+-----+--------+
         Total |  39840 |  37443 |   2397 |  14188 |  15256 |  29 | 1373.8 |
       Dungeon |  18270 |  16555 |   1715 |   5305 |   8133 |  15 | 1218.0 |
          Lair |   7868 |   7647 |    221 |   2191 |   4288 |   5 | 1573.6 |
        Shoals |   2070 |   2047 |     23 |    835 |    512 |   2 | 1035.0 |
  Orcish Mines |   1985 |   1851 |    134 |    526 |    780 |   2 |  992.5 |
   Elven Halls |   7170 |   6868 |    302 |   3906 |   1117 |   3 | 2390.0 |
      Ice Cave |   1998 |   1998 |      0 |   1214 |    421 |   1 | 1998.0 |
      Gauntlet |    475 |    475 |      0 |    209 |      4 |   1 |  475.0 |
               +--------+--------+--------+--------+--------+-----+--------+

Top non-repeatable levels by time:
   Elf:3: 3224 daAuts
   Elf:1: 2206 daAuts
     D:8: 2170 daAuts
  Lair:5: 2044 daAuts
   IceCv: 1998 daAuts
     D:9: 1972 daAuts
  Lair:4: 1902 daAuts
   Elf:2: 1740 daAuts
    D:15: 1542 daAuts
Shoals:1: 1530 daAuts
     D:6: 1516 daAuts
  Lair:2: 1446 daAuts
    D:14: 1370 daAuts
     D:4: 1291 daAuts
   Orc:2: 1270 daAuts
